 Dungeon Crawl Stone Soup version 0.18.1-8-gdd0e5ea (webtiles) character file.

222 TheWatcher the Insei (level 5, -4/43 HPs)
             Began as a Mummy Monk on May 29, 2016.
             Slain by a scorpion (8 damage)
             ... on level 5 of the Dungeon.
             The game lasted 00:09:58 (5812 turns).

TheWatcher the Insei (Mummy Monk)                   Turns: 5812, Time: 00:09:59

Health: -4/43      AC:  2    Str: 14    XL:     5   Next: 66%
Magic:  5/5        EV: 13    Int: 10    God:
Gold:   136        SH:  0    Dex: 15    Spells: 0 memorised, 4 levels left

rFire  x . .     SeeInvis .       - Unarmed
rCold  + . .     Gourm    .     (no armour)
rNeg   + + +     Faith    .     (no shield)
rPois  ∞         Spirit   .     (no helmet)
rElec  .         Dismiss  .     f - +0 cloak
rCorr  .         Reflect  .     j - +0 pair of gloves
SustAt .         Harm     .     (no boots)
MR     .....                    (no amulet)
Stlth  ++........               (no ring)
                                (no ring)

@: not resistant to hostile enchantments, unstealthy
A: no food or potions, fire vulnerability, cold resistance 1, negative energy
resistance 3, torment resistance, unbreathing
a: no special abilities


You were on level 5 of the Dungeon.
You were not hungry.

You visited 1 branch of the dungeon, and saw 5 of its levels.

You collected 136 gold pieces.


Innate Abilities, Weirdness & Mutations

You do not eat or drink.
Your flesh is vulnerable to fire.
You are immune to poison.
Your flesh is cold resistant.
You are immune to negative energy.
You are immune to unholy pain and torment.
You can survive without breathing.


   Skills:
 + Level 4.3 Fighting
 - Level 2.4 Dodging
 - Level 1.5 Stealth
 - Level 5.1 Unarmed Combat


You had 4 spell levels left.
You didn't know any spells.

Inventory:

Armour
 f - a +0 cloak (worn)
 j - a +0 pair of gloves (worn)
Scrolls
 a - 2 scrolls of immolation {unknown}
 b - a scroll of enchant weapon {unknown}
 c - 2 scrolls of teleportation {unknown}
 d - 3 scrolls of identify {unknown}
 e - 2 scrolls of recharging {unknown}
 g - a scroll of fear {unknown}
 h - 2 scrolls of amnesia {unknown}
 i - 2 scrolls of magic mapping {unknown}
 k - a scroll of remove curse {unknown}
 l - a scroll of blinking {unknown}
 m - a scroll of noise {unknown}

Dungeon Overview and Level Annotations

Branches:
Dungeon (5/15)
 Temple: D:4-7

Altars:
Fedhas
Makhleb
Okawaru
Pakellas
Vehumet

Annotations:
D:2 14 exclusions, Crazy Yiuf
D:3 exclusions: downstairs and 9 more exclusions, Rationalist's ghost, amateur MiBe

▒▒▒ ▒▒.▒▒▒ >...▒
▒.(.▒ ▒...▒
▒...▒▒▒▒▒
▒.▒s....▒
▒.▒M▒▒▒.▒
▒▒▒▒▒+▒▒▒▒▒.▒.▒▒▒
................▒
▒▒▒▒...▒▒▒▒▒...▒
▒▒...▒▒ ▒▒..▒
▒.....▒ ▒...▒
▒.....▒ ▒▒..▒
▒.....▒ ..▒
▒...▒▒▒ ▒.▒


You could see a scorpion.


Message History

You closely miss the scorpion!
The scorpion is severely wounded!
The scorpion misses you!
You completely miss the scorpion!
The scorpion is severely wounded!
The scorpion barely misses you!
You pummel the scorpion like a punching bag!
The scorpion is severely wounded!
The scorpion barely misses you!
You barely miss the scorpion!
You punch the scorpion, but do no damage!
The scorpion is severely wounded!
You closely miss the scorpion!
The scorpion is severely wounded!
The scorpion stings you!!!
You barely miss the scorpion!
The scorpion is severely wounded!
The scorpion stings you!!!
You are too injured to fight recklessly!!!
You are too injured to fight recklessly!!!
You are too injured to fight recklessly!!!
The scorpion closely misses you!
The scorpion stings you!!! * * * don't die
* * * The scorpion stings you! * * * don't die
* * * The scorpion stings you! * * * don't die
* * * The scorpion stings you!!! rip

Action                   |  1- 3 |  4- 6 || total
-------------------------+-------+-------++-------
Melee: Unarmed           |   163 |   125 ||   288
       Punch             |     1 |     3 ||     4
 Stab: Sleeping          |     2 |     5 ||     7
Armor: Skin              |    21 |     7 ||    28
Dodge: Dodged            |   116 |    91 ||   207

Vault maps used:
D:1:      lightli_arrival_boilingwater
D:2:      lemuel_crystal_altar, grunt_pakellas_mercury
D:3:      first_bread, fedhas_altar_3, uniq_crazy_yiuf_cottage
D:4:      lemuel_doored_altar, kennysheep_okawaru_gauntlet
D:5:      zin_treasury, nicolae_overflow_hidden_temple, serial_shops, shop,
          basic_altar

Notes
Turn   | Place    | Note
--------------------------------------------------------------
     0 | D:1      | TheWatcher the Mummy Monk began the quest for the Orb.
     0 | D:1      | Reached XP level 1. HP: 18/18 MP: 1/1
     0 | D:1      | I think you're getting the idea of why I was called the spirit of perseverance
   374 | D:1      | Reached XP level 2. HP: 19/24 MP: 2/2
   901 | D:2      | Reached skill level 4 in Unarmed Combat
  1009 | D:2      | Reached XP level 3. HP: 10/29 MP: 3/3
  1561 | D:2      | Found an oddly glowing altar of Pakellas.
  1998 | D:2      | Found a burning altar of Makhleb.
  2149 | D:3      | Found a blossoming altar of Fedhas.
  2243 | D:3      | Reached XP level 4. HP: 26/35 MP: 4/4
  2477 | D:3      | Noticed Crazy Yiuf
  2479 | D:3      | hmm
  2644 | D:2      | see this is why we need regen
  3146 | D:3      | Noticed Rationalist's ghost (amateur MiBe)
  3146 | D:3      | who the fuck splats a MiBe on d3
  3146 | D:3      | how much shit do you have to be
  3526 | D:4      | Noticed an ogre
  3636 | D:3      | Reached skill level 5 in Unarmed Combat
  4412 | D:3      | Reached XP level 5. HP: 25/42 MP: 5/5
  4799 | D:4      | Noticed a phantom
  5181 | D:4      | Found an iron altar of Okawaru.
  5205 | D:4      | Reached skill level 4 in Fighting
  5362 | D:4      | Found a radiant altar of Vehumet.
  5713 | D:5      | Entered Level 5 of the Dungeon
  5804 | D:5      | HP: 3/43 [scorpion (6)]
  5812 | D:5      | Slain by a scorpion

Vanquished Creatures
  A scorpion (D:3)
  A centaur skeleton (D:4)
  A giant frog skeleton (D:3)
  4 adders
  A worm (D:2)
  2 dart slugs
  4 giant geckos (D:2)
  An orc (D:5)
  4 giant cockroaches
  7 goblins
  6 hobgoblins
  7 jackals
  A quokka (D:3)
  9 bats
  5 giant newts
  9 kobolds
  10 rats
73 creatures vanquished.
